 Dungeon Crawl Stone Soup version 0.32-a0-931-g5a2cda0630 (webtiles) character file.

Game seed: 12405127316782953728

113425 avangion the Marksgoblin (level 16, -18/124 HPs)
             Began as a Coglin Hunter on Apr 13, 2024.
             Was the Champion of Hepliaklqana.
             Killed from afar by a merfolk aquamancer (39 damage)
             ... with a shard of ice
             ... on level 2 of the Shoals.
             The game lasted 00:40:10 (21914 turns).

avangion the Marksgoblin (Coglin Hunter)           Turns: 21914, Time: 00:40:10

Health: -18/124    AC: 13    Str: 14    XL:     16   Next: 63%
Magic:  21/21      EV: 18    Int:  8    God:    Hepliaklqana [******]
Gold:   2877       SH:  0    Dex: 24    Spells: 15/15 levels left

rFire   + . .        I - +9 hand cannon (drain) {Ara}
rCold   . . .        y - +7 hand cannon (freeze) {Anan}
rNeg    . . .        C - +0 steam dragon scales
rPois   .            J - +2 helmet
rElec   +            (no cloak)
rCorr   .            H - +1 pair of gloves {infuse}
SInv    .            u - +0 pair of boots
Will    +....        (amulet unavailable)
Stlth   ++++         (ring unavailable)
HPRegen 0.40/turn    (ring unavailable)
MPRegen 0.17/turn    M - reticulated geocore {AutoDazzle, rElec rF+}

%: infuse magic (1 MP)
@: lethally poisoned (-18 -> -30), revving
A: reduced essence, off-hand wielding, slow wielding, warmup strikes, no
jewellery
a: Renounce Religion, Recall Ancestor, Ancestor Identity, Transference, Idealise


You were on level 2 of the Shoals.
You worshipped Hepliaklqana.
Hepliaklqana was exalted by your worship.
You visited 5 branches of the dungeon, and saw 25 of its levels.
You also visited: Sewer and Bailey.

You collected 3382 gold pieces.
You spent 505 gold pieces at shops.

Inventory:

Hand Weapons
 a - a +2 sling {Lucia}
 p - the +7 sling of Husaplea {flame, rC+ rN++ Int-5 SInv}
   (You found it on level 3 of the Dungeon)

   Int-5:     It affects your intelligence (-5).
   rC+:       It protects you from cold.
   rN++:      It greatly protects you from negative energy.
   SInv:      It lets you see invisible.
 y - a +7 hand cannon of freezing (offhand) {Anan}
 I - a +9 hand cannon of draining (weapon) {Ara}
Armour
 u - a +0 pair of boots (worn)
 C - +0 steam dragon scales (worn)
 E - a +2 pair of boots of stealth
 H - a +1 pair of gloves of infusion (worn)
 J - a +2 helmet (worn)
 S - a +2 hat of willpower
 X - the +1 pair of gloves of Soraz Sia {rN+ Regen+ Dex+2 Stlth-}
   (You found it on level 13 of the Dungeon)

   Dex+2:     It affects your dexterity (+2).
   rN+:       It protects you from negative energy.
   Regen+:    It increases your rate of health regeneration.
   Stlth-:    It makes you less stealthy.
Gizmo
 M - a reticulated geocore (installed) {AutoDazzle, rElec rF+}
   (You invented it yourself on level 2 of the Orcish Mines)

   [reticulated geocore]

   AutoDazzle: It sometimes fires a blinding ray at enemies whose attacks you
   dodge.
   rF+:       It protects you from fire.
   rElec:     It insulates you from electricity.
Wands
 c - a wand of acid (21)
 K - a wand of charming (29)
 N - a wand of polymorph (2)
 Q - a wand of iceblast (16)
Scrolls
 b - 2 scrolls of butterflies
 e - 3 scrolls of amnesia {unknown}
 g - a scroll of fear {unknown}
 i - 4 scrolls of identify
 j - a scroll of noise {unknown}
 k - 3 scrolls of enchant armour
 m - 12 scrolls of immolation
 o - 4 scrolls of vulnerability
 t - 10 scrolls of teleportation
 v - 4 scrolls of fog
 z - a scroll of silence {unknown}
 A - 2 scrolls of brand weapon
 B - 2 scrolls of blinking
 F - 2 scrolls of torment {unknown}
 G - a scroll of poison {unknown}
 P - 2 scrolls of revelation
Potions
 d - 5 potions of might
 f - 7 potions of ambrosia
 h - 7 potions of haste
 l - 5 potions of heal wounds
 n - a potion of resistance
 q - 7 potions of curing
 r - a potion of cancellation
 s - a potion of lignification
 w - 2 potions of berserk rage
 x - 3 potions of mutation
 D - 3 potions of enlightenment
 L - 4 potions of magic
 O - 3 potions of attraction
 T - 4 potions of brilliance
 U - 3 potions of invisibility


   Skills:
 + Level 16.0 Fighting
 + Level 18.6 Ranged Weapons
 - Level 6.0 Armour
 - Level 8.0 Dodging
 - Level 6.0 Stealth
 - Level 7.0 Invocations


You had 15 spell levels left.
You didn't know any spells.
Your spell library contained the following spells:

 Spells                   Type           Power      Damage    Failure   Level
 Sting                    Conj/Alch      0%         1d3       41%         1
 Cigotuvi's Dreadful Rot  Necr/Alch/Air  0%         N/A       54%         2
 Mercury Vapours          Alch/Air       0%         N/A       54%         2
 Call Canine Familiar     Summ           0%         N/A       78%         3
 Inner Flame              Hex/Fire       0%         N/A       78%         3
 Mephitic Cloud           Conj/Alch/Air  0%         N/A       78%         3
 Sigil of Binding         Hex            0%         N/A       78%         3
 Tukima's Dance           Hex            0%         N/A       78%         3
 Anguish                  Hex/Necr       0%         N/A       99%         4
 Animate Dead             Necr           0%         N/A       99%         4
 Cause Fear               Hex            0%         N/A       99%         4
 Dimensional Bullseye     Hex/Tloc       0%         N/A       99%         4
 Flame Wave               Conj/Fire      0%         2d4       99%         4
 Passage of Golubria      Tloc           0%         N/A       99%         4
 Sticky Flame             Fire/Alch      0%         2d4       99%         4
 Borgnjor's Vile Clutch   Necr/Erth      0%         N/A       100%        5
 Freezing Cloud           Conj/Ice/Air   0%         6-21      100%        5
 Silence                  Hex/Air        0%         N/A       100%        5
 Yara's Violent Unravell  Hex/Alch       0%         3d3       100%        5
 Death Channel            Necr           0%         N/A       100%        6
 Gell's Gavotte           Tloc           0%         2d(11-16) 100%        6
 Enfeeble                 Hex            0%         N/A       100%        7
 Lehudib's Crystal Spear  Conj/Erth      0%         10d2      100%        8


Dungeon Overview and Level Annotations

Branches:
Dungeon (15/15) Zot: 25082  Temple (1/1) D:6 Zot: 5981    Lair (5/5) D:11 Zot: 25412
 Shoals (2/4) Lair:2 Zot: 11034   Snake (0/4) Lair:3        Slime (0/5) Lair:5
    Orc (2/2) D:12 Zot: 10539     Elf (0/3) Orc:2        Vaults (0/5) D:13
 Depths (0/4) D:15          Sewer (visited)          Bailey (visited)

Altars:
Ashenzari
Cheibriados
Dithmenos
Elyvilon
Fedhas
Gozag
Hepliaklqana
Kikubaaqudgha
Makhleb
Nemelex Xobeh
Okawaru
Qazlal
Ru
Sif Muna
Trog
Uskayaw
Vehumet
Wu Jian
Xom
Yredelemnul
Zin
The Shining One
Jiyva

Shops:
Orc:1 [   Orc:2 :([(***((

Annotations:
D:4 3 runed translucent doors, exclusion: 3 doors, NotBatman's ghost, amateur DgFi
D:5 1 runed translucent door, 2 transporters, Ahpoh's ghost, amateur DgGl
D:7 2 transporters


Innate Abilities, Weirdness & Mutations

Your life essence is reduced to manifest your ancestor. (-10% HP)
You can wield a second weapon in your off-hand.
It takes a long time for you to wield or remove held weapons.
Your first few attacks do less damage.
You cannot equip rings or amulets.


Message History

You shoot a slug.
You feel extremely sick.
The merfolk aquamancer gestures at you while chanting.
The torrent of water hits you!!!
You are knocked back by the torrent of water.
The wave splashes down.
Splash!
You fall into the shallow water.
Moving in this stuff is going to be slow.
You hear a shout!
You hear an angry hiss. x2; You hear a shout!
You hear a screech! x3; You hear an angry hiss.
You hear a shout! x4
You hear a bleat!
You hear a shout!
You hear a bleat!
You hear a shout! x2
Your Fighting skill increases to level 16!
You take 77 damage, and have 47/124 hp.
MASSIVE DAMAGE!!
You are too injured to fight recklessly!
You are too injured to fight recklessly!
You are too injured to fight recklessly!
Fire: I) +9 hand cannon (drain) {Ara}
Press: ? - help, Q - select action, (/) - cycle Shift-Dir - straight line, f - merfolk aquamancer
Aim: a merfolk aquamancer, wielding a +0 rapier and wearing a +0 robe (ally target, 77% to hit)
You shoot a slug. The slug hits the merfolk aquamancer!!!
The merfolk aquamancer is heavily wounded.
You shoot a slug. The slug hits the merfolk aquamancer!!
The slug freezes the merfolk aquamancer!
You kill the merfolk aquamancer!
You feel extremely sick.
You take 9 damage, and have 38/124 hp.
You feel extremely sick.
A nearby plant withers and dies.
Something unseen opens the large door.
You sense a monster nearby.
You take 6 damage, and have 32/124 hp.
You feel extremely sick.
A merfolk aquamancer comes into view. It is wielding a +0 rapier.
A merfolk aquamancer comes into view.
It is wielding a +0 rapier of electrocution.
You take 8 damage, and have 24/124 hp.
You feel very sick.
The merfolk aquamancer casts a spell at you.
The shard of ice hits you!!!
You die...
Hepliaklqana delivers you to your ancestors.

,,,~~~~,,,,,,,,,..........,~~~~~≈
,,~~~~~,,,,,,,,,..........,,,,,,P
,,~~~~~,,,,,#####..PPPPPP.,*****.
,~~~~~~~,,,,#...#.........,*,,,*,
~~~~~~~~~~.,#......PPPPPP.,,,,,*,
~~~~~~~~~~~.#...)†........,,,,,*,
~~≈≈~~~~~~~.#,,,#~°.PPPPP.,*,,,*,
~~≈≈~~~~~~≈.#####.R°...m..,*****,
~~≈≈≈~~~~~≈~....@○...m....,,,,,,,
~≈≈≈≈≈≈≈≈~≈≈≈#.######''###***,~~~
≈≈≈≈≈~~≈≈≈≈≈≈≈.#,,*,,,...*,,*,~~~
≈≈≈≈≈~~~≈~≈≈≈≈.#,,+,,,,..+,,*,,~~
≈≈≈≈≈~~~~~~)≈≈.#,,*,,,,,.#,,*,~~~
~~~~≈≈~~~~.....#*********#***,~,,
~~~~≈≈≈~~~.###.......,,,,,,,,,~~~
~~~~≈≈~~~.## #...~~~.,,,,~~~~~~,,
~~~~~~~~..# ##...~..,***,,,,,,,*


You could see the friendly Gelatina the knight and 2 merfolk aquamancers.

Vanquished Creatures
  Saint Roka (Orc:2)
  A kraken (Shoals:1)
  Frances (D:14)
  Louise (D:14)
  An orc warlord (Orc:1)
  An ettin (Orc:1)
  Azrael (D:14)
  Fannar (Lair:3)
  4 vault guards (D:13)
  A hydra (Lair:3)
  A merfolk avatar (Lair:5)
  An anaconda (Lair:5)
  A merfolk aquamancer (Shoals:2)
  3 centaur warriors
  3 boulder beetles
  7 two-headed ogres
  A naga sharpshooter (D:15)
  A sun demon (D:15)
  2 orc high priests (Bailey)
  Sonja (D:13)
  A deep elf knight (D:15)
  A hell knight (D:15)
  Urug (Lair:3)
  Lodul (D:14)
  5 sea snakes
  A salamander mystic (D:15)
  2 fire crabs (D:15)
  A sixfirhy (D:15)
  4 skysharks
  8 arcanists (D:15)
  2 thermic dynamos (D:15)
  Pikel (D:6)
  2 deep elf pyromancers
  2 orc knights
  6 harpies (Shoals:1)
  5 salamanders (D:15)
  2 manticores (Shoals:1)
  A salamander (shapeshifter) (D:13)
  10 ugly things
  3 cyclopes
  10 elephants
  6 fauns
  3 kobold blastminers (Orc:2)
  2 rust devils (D:15)
  4 merfolk sirens
  2 molten gargoyles (D:15)
  5 black mambas
  3 gargoyles (D:15)
  Joseph (D:9)
  2 torpor snails (Lair:5)
  5 cane toads
  7 komodo dragons
  6 rime drakes
  Maggie (D:6)
  A tengu conjurer (D:15)
  4 yaktaurs (D:15)
  4 trolls
  A wind drake (D:15)
  2 polar bears (Lair:5)
  Prince Ribbit (D:5)
  A merfolk (Shoals:1)
  2 raiju (D:15)
  12 dream sheep
  2 snapping turtles
  3 raiju (shapeshifter) (D:15)
  9 blink frogs (Lair:5)
  3 slime creatures (D:14)
  Sigmund (D:2)
  6 wyverns
  A vampire (D:11)
  5 shadows
  An air elemental (D:15)
  A wraith (D:14)
  42 yaks
  Eustachio (D:4)
  11 humans
  5 water elementals
  A basilisk (D:15)
  4 fire elementals (D:14)
  17 vampire mosquitoes
  A basilisk (shapeshifter) (D:15)
  3 wargs (Orc:1)
  Grum (D:9)
  2 steam dragons
  Menkaure (D:5)
  2 acid dragons
  3 nagas (Lair:3)
  2 hell hounds (D:14)
  Duvessa (D:5)
  9 water moccasins
  A meliai simulacrum (D:15)
  2 black bears (D:6)
  An ice beast (D:5)
  45 orc warriors
  16 ogres
  A boggart (D:15)
  10 wolves
  27 centaurs
  3 lemures (D:6)
  9 kobold brigands
  Blork the orc (D:5)
  9 bullfrogs
  2 gnoll sergeants
  3 scorpions
  7 wights
  Dowan (D:5)
  5 killer bees
  6 howler monkeys
  6 electric eels
  21 orc priests
  A bombardier beetle (D:3)
  A gnoll bouda (D:4)
  4 hounds
  A jelly (D:4)
  2 sleepcaps
  4 iguanas
  21 orc wizards
  20 gnolls
  9 adders
  A shadow imp (D:8)
  4 white imps
  4 ufetubi
  8 ribbon worms
  4 dart slugs
  69 orcs
  6 bats
  5 endoplasms
  11 giant cockroaches
  14 goblins
  9 hobgoblins
  7 jackals
  57 kobolds
  8 ball pythons
  A kobold skeleton (D:5)
  7 rats
770 creatures vanquished.

Vanquished Creatures (collateral kills)
  Gastronok (Lair:3)
  A hydra (Lair:4)
  A two-headed ogre (D:11)
  A sun demon (D:15)
  A sea snake (Shoals:1)
  A harpy (Shoals:1)
  A faun (Shoals:2)
  A rust devil (D:15)
  A yaktaur (D:15)
  A troll (Orc:2)
  2 hornets
  2 blink frogs (Lair:5)
  3 dream sheep
  A water elemental (D:14)
  3 yaks
  A human (D:10)
  A basilisk (D:15)
  A vampire mosquito (D:14)
  An acid dragon (D:10)
  5 orc warriors
  A kobold brigand (D:10)
  A wight (D:8)
  4 orc wizards
  A gnoll (Bailey)
  2 orcs
  A kobold (D:8)
40 creatures vanquished.

Vanquished Creatures (others)
  A human (D:13)
  An orc warrior (Orc:2)
  5 ancestors
  4 knights
11 creatures vanquished.

Grand Total: 821 creatures vanquished

Notes
Turn   | Place    | Note
-------+----------+-------------------------------------------
     0 | D:1      | avangion the Coglin Hunter began the quest for the Orb.
     0 | D:1      | Reached XP level 1. HP: 16/16 MP: 1/1
   102 | D:1      | Reached skill level 4 in Ranged Weapons
   102 | D:1      | Reached XP level 2. HP: 22/22 MP: 2/2
   237 | D:1      | Reached XP level 3. HP: 27/27 MP: 3/3
   691 | D:2      | Identified the +7 dagger of Acucwupt {flame, rElec rPois
                  | Will+ rCorr}
   718 | D:2      | Reached skill level 5 in Ranged Weapons
   718 | D:2      | Reached XP level 4. HP: 33/33 MP: 4/4
   762 | D:2      | Found a faded altar of an unknown god.
   846 | D:2      | Noticed Sigmund
   854 | D:2      | Killed Sigmund
   855 | D:2      | Reached skill level 6 in Ranged Weapons
   855 | D:2      | Reached XP level 5. HP: 38/38 MP: 5/5
   855 | D:2      | Reached XP level 6. HP: 44/44 MP: 6/6
  1269 | D:3      | Found a glowing silver altar of Zin.
  1472 | D:3      | Identified the +7 sling of Husaplea {flame, rC+ rN++ Int-5
                  | SInv}
  1485 | D:3      | Noticed a water moccasin
  1492 | D:3      | Killed a water moccasin
  1493 | D:3      | Reached skill level 7 in Ranged Weapons
  1853 | D:4      | Reached XP level 7. HP: 50/50 MP: 7/7
  1946 | D:4      | Reached skill level 8 in Ranged Weapons
  1999 | D:4      | Noticed Eustachio
  2239 | D:4      | Found a runed translucent gate.
  2239 | D:4      | Found a runed translucent gate.
  2239 | D:4      | Found an opulent altar of Gozag.
  2240 | D:4      | Found a runed translucent gate.
  2278 | D:4      | Found a snail-covered altar of Cheibriados.
  2278 | D:4      | Found a shimmering altar of Xom.
  2283 | D:4      | Found a hide-covered altar of Uskayaw.
  2283 | D:4      | Found an ornate altar of the Wu Jian Council.
  2313 | D:4      | Reached XP level 8. HP: 56/56 MP: 8/8
  2326 | D:4      | Killed Eustachio
  2327 | D:4      | Reached skill level 9 in Ranged Weapons
  2396 | D:4      | Noticed NotBatman's ghost (amateur DgFi)
  2590 | D:5      | Entered Level 5 of the Dungeon
  2607 | D:5      | Noticed Dowan
  2612 | D:5      | Killed Dowan
  2615 | D:5      | Noticed Duvessa
  2625 | D:5      | Killed Duvessa
  2788 | D:5      | Found a runed translucent door.
  2802 | D:5      | Found a basalt altar of Yredelemnul.
  2891 | D:5      | Noticed Prince Ribbit
  2897 | D:5      | Killed Prince Ribbit
  2936 | D:5      | Reached skill level 5 in Fighting
  2936 | D:5      | Reached skill level 10 in Ranged Weapons
  2936 | D:5      | Reached XP level 9. HP: 68/68 MP: 9/9
  3009 | D:5      | Noticed Blork the orc
  3016 | D:5      | Killed Blork the orc
  3168 | D:5      | Noticed Menkaure
  3174 | D:5      | Killed Menkaure
  3533 | D:5      | Found a transporter.
  3533 | D:5      | Noticed Ahpoh's ghost (amateur DgGl)
  3535 | D:5      | Found a transporter.
  4082 | D:6      | Found a glowing drain.
  4095 | Sewer    | Entered a sewer
  4537 | D:6      | Found a blossoming altar of Fedhas.
  4581 | D:6      | Noticed Maggie
  4589 | D:6      | Killed Maggie
  4590 | D:6      | Reached skill level 11 in Ranged Weapons
  4598 | D:6      | Found a staircase to the Ecumenical Temple.
  4607 | Temple   | Entered the Ecumenical Temple
  4616 | Temple   | Became a worshipper of Hepliaklqana the Forgotten
  4748 | D:6      | Noticed a two-headed ogre
  4753 | D:6      | Killed a two-headed ogre
  4754 | D:6      | Reached XP level 10. HP: 80/80 MP: 10/10
  4854 | D:6      | Found a shimmering blue altar of Sif Muna.
  4873 | D:6      | Noticed Pikel
  4886 | D:6      | Killed Pikel
  5111 | D:7      | Found an opulent altar of Gozag.
  5312 | D:7      | Found a transporter.
  5432 | D:7      | Found a transporter.
  5438 | D:7      | Reached * piety under Hepliaklqana
  5480 | D:7      | Found a flagged portal.
  5494 | Bailey   | Entered a bailey
  5543 | Bailey   | Reached skill level 12 in Ranged Weapons
  5576 | Bailey   | Noticed an orc high priest
  5582 | Bailey   | Killed an orc high priest
  5599 | Bailey   | Found the +7 Throatcutter {drain, coup de grace}
  5616 | Bailey   | Noticed an orc high priest
  5619 | Bailey   | Noticed a sixfirhy
  5956 | Bailey   | Found an iron altar of Okawaru.
  5973 | Bailey   | Noticed a smoke demon
  5974 | Bailey   | Noticed a smoke demon
  5979 | Bailey   | Killed an orc high priest
  5980 | Bailey   | Reached skill level 10 in Fighting
  5980 | Bailey   | Reached XP level 11. HP: 57/81 MP: 11/11
  6184 | Bailey   | Reached skill level 13 in Ranged Weapons
  6210 | Bailey   | Noticed an orc knight
  6282 | Bailey   | Killed an orc knight
  6518 | Bailey   | Acquired 821 gold pieces
  7952 | D:9      | Reached skill level 14 in Ranged Weapons
  7967 | D:9      | Noticed Grum
  7974 | D:9      | Noticed a two-headed ogre
  7975 | D:9      | Killed Grum
  7980 | D:9      | Killed a two-headed ogre
  8165 | D:9      | Reached ** piety under Hepliaklqana
  8167 | D:9      | Remembered your ancestor Gelatina as a knight
  8274 | D:9      | Found a stormy altar of Qazlal.
  8464 | D:9      | Noticed Joseph
  8471 | D:9      | Killed Joseph
  8767 | D:10     | Entered Level 10 of the Dungeon
  8849 | D:10     | Reached skill level 15 in Ranged Weapons
  8854 | D:10     | Reached skill level 1 in Stealth
  8862 | D:10     | Reached XP level 12. HP: 87/87 MP: 12/12
  8901 | D:10     | Reached skill level 1 in Armour
  9151 | D:10     | Noticed a two-headed ogre
  9160 | D:10     | Killed a two-headed ogre
  9192 | D:10     | Noticed a two-headed ogre
  9196 | D:10     | Killed a two-headed ogre
  9957 | D:11     | Reached *** piety under Hepliaklqana
  9958 | D:11     | Acquired a +2 hand cannon of draining
 10071 | D:11     | Noticed a two-headed ogre
 10074 | D:11     | Killed a two-headed ogre
 10201 | D:11     | Noticed a two-headed ogre
 10205 | D:11     | Killed a two-headed ogre
 10211 | D:11     | Found a staircase to the Lair.
 10708 | Lair:1   | Entered Level 1 of the Lair of Beasts
 11071 | Lair:1   | Reached **** piety under Hepliaklqana
 11533 | Lair:2   | Reached XP level 13. HP: 95/95 MP: 13/13
 11883 | Lair:2   | Found a staircase to the Shoals.
 12049 | Lair:2   | Reached skill level 5 in Dodging
 12438 | Lair:3   | Reached ***** piety under Hepliaklqana
 12438 | Lair:3   | Noticed Urug
 12442 | Lair:3   | Killed Urug
 12518 | Lair:3   | Reached skill level 5 in Stealth
 12541 | Lair:3   | Noticed Gastronok
 12549 | Lair:3   | Killed Gastronok
 12550 | Lair:3   | Reached skill level 5 in Armour
 12558 | Lair:3   | Noticed Fannar
 12567 | Lair:3   | Killed Fannar
 12719 | Lair:3   | Found a staircase to the Snake Pit.
 13386 | Lair:4   | Reached skill level 16 in Ranged Weapons
 13788 | Lair:5   | Entered Level 5 of the Lair of Beasts
 13922 | Lair:5   | Identified the +7 trident of Kitoredd {flame, ^Contam rF+
                  | Stlth+}
 13979 | Lair:5   | Reached XP level 14. HP: 103/103 MP: 14/14
 14578 | Lair:5   | Got the Vademecum on the Geodesic and Rubedo
 14933 | Lair:5   | Found a viscous altar of Jiyva.
 14933 | Lair:5   | Found a staircase to the Slime Pits.
 15393 | D:12     | Found a staircase to the Orcish Mines.
 15459 | D:12     | Reached ****** piety under Hepliaklqana
 16093 | D:13     | Identified the +1 pair of gloves of Soraz Sia {rN+ Regen+
                  | Dex+2 Stlth-}
 16393 | D:13     | Noticed Sonja
 16395 | D:13     | Killed Sonja
 16498 | D:13     | Reached skill level 1 in Invocations
 16535 | D:13     | Found a gate to the Vaults.
 16676 | D:13     | Reached skill level 17 in Ranged Weapons
 17042 | D:14     | Reached XP level 15. HP: 111/111 MP: 15/17
 17047 | D:14     | Noticed Lodul
 17052 | D:14     | Killed Lodul
 17148 | D:14     | Noticed Louise
 17155 | D:14     | Killed Louise
 17400 | D:14     | Noticed Azrael
 17412 | D:14     | Killed Azrael
 17558 | D:14     | Noticed Frances
 17564 | D:14     | Killed Frances
 17575 | D:14     | You fall into a shaft and drop 1 floor!
 17575 | D:15     | Entered Level 15 of the Dungeon
 18028 | D:15     | Found a staircase to the Depths.
 18041 | D:15     | Reached skill level 5 in Invocations
 18389 | D:15     | Identified the +4 ring mail of Refuge {Stlth+}
 18771 | D:15     | Identified the +3 short sword "Welliz" {freeze, *Corrode
                  | rF+ Str+3 Dex+3}
 19111 | D:14     | Found an ancient bone altar of Kikubaaqudgha.
 19428 | Orc:1    | Entered Level 1 of the Orcish Mines
 19444 | Orc:1    | Reached skill level 15 in Fighting
 19498 | Orc:1    | Reached XP level 16. HP: 121/122 MP: 20/20
 19531 | Orc:1    | Found Zelalam's Armour Emporium.
 19750 | Orc:1    | Reached skill level 18 in Ranged Weapons
 19966 | Orc:2    | Entered Level 2 of the Orcish Mines
 19966 | Orc:2    | Noticed Saint Roka
 19966 | Orc:2    | Found Ziwuleo's General Store.
 20138 | Orc:2    | Found Veplaga's Book Emporium.
 20156 | Orc:2    | Killed Saint Roka
 20331 | Orc:2    | Bought a scroll of enchant weapon for 97 gold pieces
 20371 | Orc:2    | Found Usud's Weapon Boutique.
 20410 | Orc:2    | Found Xigayph's Weapon Boutique.
 20693 | Orc:2    | Found a staircase to the Elven Halls.
 20767 | Orc:2    | Found Gumups Copa's Assorted Antiques.
 20771 | Orc:2    | Bought a scroll of identify for 60 gold pieces
 20771 | Orc:2    | Bought a scroll labelled LUCZIY WIDIKK for 30 gold pieces
 20808 | Orc:2    | Found Eceowkah's Armour Shop.
 20808 | Orc:2    | Found Lijaet's Antique Weapon Shoppe.
 20810 | Orc:2    | Found Nowyink's General Store.
 20812 | Orc:2    | Found Muorey's Weapon Boutique.
 20816 | Orc:2    | Bought a +2 pair of boots of stealth for 258 gold pieces
 20819 | Orc:2    | Bought 2 scrolls of identify for 60 gold pieces
 20819 | Orc:2    | Acquired a reticulated geocore {AutoDazzle, rElec rF+}
 21073 | Shoals:1 | Entered Level 1 of the Shoals
 21113 | Shoals:1 | Noticed a kraken
 21119 | Shoals:1 | Killed a kraken
 21165 | Shoals:1 | Found a shimmering altar of Xom.
 21914 | Shoals:2 | Killed from afar by a merfolk aquamancer

Illustrated notes

Levels and vault maps discovered:
D:1:      lightli_arrival_noodles, layout_loops_ring, minmay_hexomino_c4
D:2:      layout_basic, shapermc_ecumenical_altar_flowoftime,
          minmay_small_reverse_x, uniq_sigmund
D:3:      layout_basic, marbit_many_paths
D:4:      layout_cave_pools, grunt_temple_overflow_open, ebering_ghost_gozag,
          nicolae_wormholes, uniq_eustachio
D:5:      layout_layer_cave, dk_yredelemnul_ordeal, gammafunk_ghost_mausoleum,
          uniq_blork_the_orc, uniq_duvessa, uniq_prince_ribbit1, uniq_menkaure
D:6:      layout_loops_ring, mainiacjoe_overflow_surrounded_room,
          fedhas_altar_2, minmay_temple_entry_wispy, portal_sewer_entry_d,
          uniq_maggie, uniq_pikel
D:7:      gammafunk_steamed_eel, layout_cave_pods, lemuel_tele_altar,
          enter_bailey_3
D:8:      layout_cave_pods, unseen_surprise_small
D:9:      minmay_weird_star, layout_basic, mainiacjoe_overflow_cross_hatched,
          uniq_joseph, uniq_grum
D:10:     layout_basic, nrook_loot_triangle, dk_noncrumbling_2, minmay_ruffians
D:11:     layout_grid_maze, lair_entry_dummy, bh_walls_and_bars
D:12:     layout_stronghold, hiddenorc1_lemuel
D:13:     layout_grid_maze, ximxim_vaults_locker_room, uniq_sonja
D:14:     layout_basic, kiku_gazebo_garden_becter, uniq_azrael, uniq_frances,
          uniq_lodul, uniq_louise
D:15:     hangedman_crystal_crosses_colossus [crystal_crosses_arms_four,
          crystal_crosses_arms_two, crystal_crosses_arms_one]
Temple:   hellmonk_temple_two_chambers
Lair:1:   layout_chaotic_city, infiniplex_staircase_pool
Lair:2:   layout_cave_shapes, minmay_shoals_entry_hut,
          nicolae_quartered_pool_impasse
Lair:3:   layout_cave_shapes, minmay_snake_entry_guardpost_small, minivault_27,
          uniq_gastronok, uniq_fannar, uniq_urug
Lair:4:   layout_concentric_octagons, serial_bayou_shore_b, grunt_megastairs_2
Lair:5:   gammafunk_lair_ancient_temple, layout_cave_shapes,
          dpeg_slime_entry_enclosed
Shoals:1: nicolae_shoals_aurelia_aurita, layout_shoals, lemuel_centaur_altar
Shoals:2: cheibrodos_shoals_three_sisters, layout_shoals,
          portal_ice_cave_entry_dragon, uniq_ilsuiw
Orc:1:    layout_caves, serial_shops, shop, nicolae_orc_lava_room
Orc:2:    st_orc_rangers, layout_caves, serial_shops, shop, shop, shop,
          nicolae_shop_trees, nicolae_shop_back_alley_shop, uniq_saint_roka

Skill      XL: |  1  2  3  4  5  6  7  8  9 10 11 12 13 14 15 16 |
---------------+-------------------------------------------------+-----
Ranged Weapons | 4 5 6 7 8 10 11 12 15 16 17 18 | 18.6
Fighting       | 5 8 10 11 12 13 15 16 | 16.0
Stealth        | 1 4 6 |  6.0
Dodging        | 2 4 6 8 |  8.0
Armour         | 4 6 |  6.0
Invocations    | 2 6 7 |  7.0

Action                     |  1- 3 |  4- 6 |  7- 9 | 10-12 | 13-15 | 16-18 || total
---------------------------+-------+-------+-------+-------+-------+-------++-------
   Fire: Sling             |   120 |   150 |   518 |  1133 |   747 |   129 ||  2797
         Hand cannon       |       |       |       |    87 |   747 |   293 ||  1127
 Invoke: Recall Ancestor   |       |       |       |     1 |     1 |     1 ||     3
         Ancestor Life: Kn |       |       |       |     1 |       |       ||     1
         Ancestor Identity |       |       |       |     1 |       |       ||     1
Ability: Invent Gizmo      |       |       |       |       |       |     1 ||     1
    Use: Scroll            |       |       |     6 |    10 |    17 |    10 ||    43
         Potion            |       |       |       |       |     1 |       ||     1
 Armour: Leather armour    |    14 |    15 |    46 |     2 |       |       ||    77
         Steam dragon scal |       |       |       |    47 |    94 |    30 ||   171
  Dodge: Dodged            |    12 |    12 |    47 |    39 |   104 |    52 ||   266

Table legend: (Time is in decaauts)
 A = Elapsed time spent in this place.
 B = Non-inter-level travel time spent in this place.
 C = Inter-level travel time spent in this place.
 D = Time resting spent in this place.
 E = Time spent auto-exploring this place.
 F = Levels seen in this place.
 G = Mean time per level.
                   A        B        C        D        E       F      G
               +--------+--------+--------+--------+--------+-----+--------+
         Total |  21890 |  20678 |   1212 |     38 |  17672 |  27 |  810.7 |
       Dungeon |  13465 |  12703 |    762 |      4 |  10895 |  15 |  897.7 |
        Temple |     18 |     10 |      8 |      0 |      0 |   1 |   18.0 |
          Lair |   4587 |   4383 |    204 |      0 |   3898 |   5 |  917.4 |
        Shoals |    965 |    857 |    108 |      0 |    705 |   2 |  482.5 |
  Orcish Mines |   1460 |   1331 |    129 |      0 |   1096 |   2 |  730.0 |
         Sewer |    379 |    379 |      0 |      0 |    299 |   1 |  379.0 |
        Bailey |   1014 |   1014 |      0 |     34 |    778 |   1 | 1014.0 |
               +--------+--------+--------+--------+--------+-----+--------+

Top non-repeatable levels by time:
  Lair:5: 1389 daAuts
    D:15: 1238 daAuts
     D:5: 1191 daAuts
    D:14: 1061 daAuts
    D:13: 1052 daAuts
     D:8: 1032 daAuts
    D:10: 1019 daAuts
  Bailey: 1014 daAuts
  Lair:2: 993 daAuts
     D:6: 938 daAuts
    D:11: 921 daAuts
  Lair:4: 891 daAuts
     D:3: 872 daAuts
    D:12: 852 daAuts
     D:9: 849 daAuts
